 Dungeon Crawl Stone Soup version 0.30-a0-637-gacddeb6d44 (webtiles) character file.

Game seed: 14786560003605472402

6457 kae the Chiller (level 10, -1/114 HPs)
             Began as a Demonspawn Transmuter on Jan 15, 2023.
             Was a Follower of Ru.
             Slain by a killer bee (5 damage)
             ... on level 10 of the Dungeon.
             The game lasted 00:14:11 (10939 turns).

kae the Chiller (Demonspawn Transmuter)            Turns: 10939, Time: 00:14:11

Health: -1/114     AC: 25    Str: 11    XL:     10   Next: 67%
Magic:  18/19      EV:  2    Int: 18    God:    Ru [*.....]
Gold:   487        SH:  0    Dex: 14    Spells: 11/21 levels left

rFire   . . .      SeeInvis +      - Unarmed
rCold   . . .      Faith    .    (no shield)
rNeg    + . .      Spirit   .    (body armour currently unavailable)
rPois   +          Reflect  .    (helmet currently unavailable)
rElec   +          Harm     .    (cloak currently unavailable)
rCorr   .          Rampage  .    (gloves currently unavailable)
Will    .....      NoTele   +    (boots unavailable)
Stlth   +                        (no amulet)
HPRegen 0.39/turn                v - ring of see invisible
MPRegen 0.16/turn                k - ring of Atefuaq {rElec rPois rN+}

@: mighty, tree-form, unable to read
A: stationary, stasis, torment immunity, boosted hp, (antennae 1), (claws 1),
(hooves 3), inability to read after injury 2, demonic magic 1
a: Renounce Religion, Sacrifice Drink, Sacrifice a Hand, Sacrifice Love, Reject
Sacrifices


You were on level 10 of the Dungeon.
You worshipped Ru.
Ru was aware of your devotion.
You were a tree.
You visited 1 branch of the dungeon, and saw 10 of its levels.
You also visited: Sewer and Ossuary.

You collected 557 gold pieces.
You spent 70 gold pieces at shops.


Innate Abilities, Weirdness & Mutations

You are a tree.
Your roots penetrate the ground, keeping you stationary.
You cannot be teleported.
You are immune to unholy pain and torment.
Your maximum health is greatly increased.
Your equipment is partially melded.
((You have a pair of small antennae on your head.))
((You have sharp fingernails.))
((You have hooves in place of feet.))
You sometimes lose the ability to read scrolls when taking damage.
Spells you cast may paralyse adjacent enemies.


   Skills:
 + Level 6.3 Fighting
 + Level 6.1 Dodging
 + Level 6.3 Unarmed Combat
 + Level 6.1 Spellcasting
 + Level 6.0 Transmutations
 * Level 7.1 Ice Magic
 - Level 1.7 Poison Magic


You had 11 spell levels left.
You knew the following spells:

 Your Spells              Type           Power      Damage    Failure   Level
a - Beastly Appendage     Tmut           54%        N/A       1%          1
b - Wereblood             Tmut           27%        N/A       1%          2
c - Spider Form           Tmut/Pois      19%        N/A       8%          3
d - Ice Form              Ice/Tmut       29%        N/A       8%          4

Your spell library contained the following spells:

 Spells                   Type           Power      Damage    Failure   Level
 Sting                    Tmut/Pois      76%        1d6       2%          1
 Ensorcelled Hibernation  Hex/Ice        36%        N/A       4%          2
 Passwall                 Tmut/Erth      13%        N/A       5%          2
 Ignite Poison            Fire/Tmut/Pois 14%        N/A       12%         3
 Poisonous Vapours        Pois/Air       16%        N/A       13%         2
 Kindle Blastsparks       Fire/Tloc/Air  10%        2d10      34%         3
 Swiftness                Air            5%         N/A       34%         3
 Olgreb's Toxic Radiance  Pois           11%        N/A       52%         4
 Animate Dead             Necr           5%         N/A       75%         4
 Freezing Cloud           Conj/Ice/Air   7%         6-21      77%         5
 Haunt                    Necr/Summ      2%         N/A       100%        7
 Infestation              Necr           2%         N/A       100%        8

Inventory:

Missiles
 d - 91 stones
 p - 34 poisoned darts
 q - 3 boomerangs
 r - a throwing net {=f!f}
 K - 3 silver boomerangs
Armour
 a - a +0 robe (melded)
 m - a +2 pair of boots
   (You found it on level 2 of the Dungeon)
 w - a +0 hat (melded)
   (You found it on level 5 of the Dungeon)
Jewellery
 f - a ring of protection from fire
   (You found it on level 7 of the Dungeon)
 k - the ring of Atefuaq (right branch) {rElec rPois rN+}
   (You found it on level 3 of the Dungeon)

   [ring of poison resistance]

   rElec:     It insulates you from electricity.
   rPois:     It protects you from poison.
   rN:        It protects you from negative energy.
 v - a ring of see invisible (left branch)
   (You took it off a hobgoblin on level 2 of the Dungeon)
 z - a ring of wizardry
   (You found it on level 6 of the Dungeon)
 A - an amulet of the acrobat
   (You found it on level 8 of the Dungeon)
 C - a ring of ice
   (You found it on level 9 of the Dungeon)
 W - a ring of magical power
   (You found it on level 9 of the Dungeon)
 Z - a ring of wizardry
   (You found it on level 5 of the Dungeon)
Wands
 B - a wand of paralysis (9)
   (You found it on level 7 of the Dungeon)
 E - a wand of polymorph (8)
   (You found it on level 7 of the Dungeon)
 H - a wand of mindburst (12)
   (You found it on level 8 of the Dungeon)
Scrolls
 c - 4 scrolls of immolation {!r!r}
 j - 4 scrolls of teleportation {@r4}
 n - 3 scrolls of enchant armour
 t - 4 scrolls of identify {@r1}
 y - a scroll of magic mapping {!r}
 D - a scroll of amnesia
 F - a scroll of blinking {!r}
 G - a scroll of fog
 I - a scroll of brand weapon
 J - a scroll of poison
Potions
 b - a potion of lignification {!q}
 e - 2 potions of resistance
 g - a potion of might
 h - 2 potions of degeneration {!q}
 i - 2 potions of magic
 l - a potion of attraction {!q}
 o - 3 potions of haste {@q3}
 s - 6 potions of curing {@q1}
 u - 2 potions of flight
 x - a potion of heal wounds {@q2}
 M - 2 potions of brilliance
Miscellaneous
 L - a tin of tremorstones (2/2)
   (You found it on level 9 of the Dungeon)

Dungeon Overview and Level Annotations

Branches:
Dungeon (10/15) Zot: 26935  Temple (0/1) D:7           Sewer (visited)
Ossuary (visited)
   Lair: D:8-11         Orc: D:9-12

Altars:
Ashenzari
Gozag
Kikubaaqudgha
Makhleb
Nemelex Xobeh
Okawaru
Qazlal
Ru
Trog
Vehumet
Wu Jian
Xom

Shops:
D:3 *

Annotations:
D:3 3 runed translucent doors, HoaS's ghost, amateur GrHu

#.............
#.............
######..###########
#..........#......#
#..........#......#
#..........#......#
#..........#......#
#.....###'##...####
#.......#.....♣#
#.......#....†y#
#.......#.....†o.....§
#.......#......#.....§
#.......#......#......
################ #####


You could see an orc warrior and a killer bee.


Message History

You punch the killer bee! You freeze the killer bee.
You kill the killer bee! 😨 HP[+1]
You closely miss the killer bee. The killer bee barely misses you.
The killer bee stings you.
* * * LOW HITPOINT WARNING * * *
The orc warrior closely misses you. The killer bee stings you.
* * * LOW HITPOINT WARNING * * *
The killer bee closely misses you. 😨 HP[-8]
You take 8 damage, and now have 27/91 hp.
Unknown command.
You punch the killer bee! You freeze the killer bee.
The killer bee stings you but does no damage.
The killer bee barely misses you.
The orc warrior hits you from afar with a +3 halberd!
* * * LOW HITPOINT WARNING * * *
The killer bee stings you.
* * * LOW HITPOINT WARNING * * *
The killer bee closely misses you. 😱 HP[-14]
You take 14 damage, and now have 13/91 hp.
Unknown command.
You cannot read scrolls in your current state!
Unknown command.
You feel much better. The killer bee stings you.
* * * LOW HITPOINT WARNING * * *
You are poisoned.
The killer bee poisons you! The killer bee misses you.
The orc warrior hits you from afar with a +3 halberd.
* * * LOW HITPOINT WARNING * * *
The killer bee closely misses you.
The killer bee barely misses you. 😨 HP[+20]
You regained 20 hp, and now have 33/91 hp.
Okay, then.
You feel sick.
The killer bee stings you but does no damage. x2 😨 HP[-2] MP[+1]
You take 2 damage, and now have 31/91 hp.
Really quaff
b - 2 potions of lignification {!q}?
Really quaff the potion of lignification?
You warm up again.
Your +0 hat unmelds from your body.
Your +0 robe unmelds from your body.
You turn into a tree.
Your +0 hat melds into your body.
Your +0 robe melds into your body.
Your roots penetrate the ground.
You feel sick.
The killer bee stings you but does no damage. x2
The orc warrior hits you from afar with a +3 halberd!
* * * LOW HITPOINT WARNING * * *
The killer bee stings you but does no damage. x2 😨 HP[-2]
You now have 114 max hp (+23).
You feel better.
The killer bee stings you but does no damage. x2
The orc warrior hits you from afar with a +3 halberd!
* * * LOW HITPOINT WARNING * * *
The killer bee barely misses you.
You redirect the killer bee's attack!
The killer bee stings the killer bee. 😱 HP[-3]
You take 3 damage, and now have 26/114 hp.
Okay, then.
You miss the killer bee.
The killer bee stings you but does no damage. x2
The orc warrior hits you but does no damage.
The killer bee barely misses you.
The killer bee stings you but does no damage.
You barely miss the killer bee. The killer bee stings you!
* * * LOW HITPOINT WARNING * * *
The killer bee stings you but does no damage.
The orc warrior hits you from afar with a +3 halberd.
* * * LOW HITPOINT WARNING * * *
The killer bee stings you but does no damage. x2 😱 HP[-7]
You take 7 damage, and now have 19/114 hp.
You pummel the killer bee!!
You kill the killer bee!
The killer bee stings you but does no damage.
The orc warrior hits you from afar with a +3 halberd!
* * * LOW HITPOINT WARNING * * *
😱 HP[-7]
You take 7 damage, and now have 12/114 hp.
Unknown command.
You feel much better. The killer bee stings you.
* * * LOW HITPOINT WARNING * * *
The killer bee stings you but does no damage.
The orc warrior hits you from afar with a +3 halberd!
* * * LOW HITPOINT WARNING * * *
😱 HP[+8] MP[+1]
You regained 8 hp, and now have 20/114 hp.
You feel very mighty all of a sudden.
The killer bee stings you but does no damage.
The killer bee stings you!
* * * LOW HITPOINT WARNING * * *
The orc warrior hits you from afar with a +3 halberd!
* * * LOW HITPOINT WARNING * * *
😱 HP[-16]
You take 16 damage, and now have 4/114 hp.
You miss the killer bee. The killer bee stings you.
You die...

Skill      XL: |  1  2  3  4  5  6  7  8  9 10 |
---------------+-------------------------------+-----
Dodging        | 2 3 4 5 6 |  6.1
Transmutations | 2 3 4 5 6 |  6.0
Unarmed Combat | 3 4 5 6 |  6.3
Fighting       | 2 3 4 5 6 |  6.3
Poison Magic   | 1 |  1.7
Spellcasting   | 3 4 5 6 |  6.1
Ice Magic      | 1 2 4 6 7 |  7.1

Action                   |  1- 3 |  4- 6 |  7- 9 | 10-12 || total
-------------------------+-------+-------+-------+-------++-------
Melee: Unarmed           |    82 |   240 |   480 |   111 ||   913
       Headbutt          |    12 |    16 |     1 |       ||    29
       Kick              |    12 |    16 |    12 |       ||    40
       Punch             |     4 |     1 |     4 |       ||     9
 Cast: Beastly Appendage |    18 |    23 |    12 |       ||    53
       Spider Form       |     2 |    10 |    16 |       ||    28
       Wereblood         |     1 |       |     6 |     5 ||    12
       Ice Form          |       |       |    22 |     9 ||    31
Invok: Sacrifice Words   |       |       |     1 |       ||     1
  Use: Scroll            |       |    10 |    12 |       ||    22
       Potion            |       |       |     2 |     5 ||     7
 Stab: Sleeping          |     1 |     1 |       |       ||     2
       Paralysed         |       |       |    17 |     4 ||    21
       Distracted        |       |       |       |     2 ||     2
Armor: Robe              |    21 |    23 |    37 |       ||    81
       Skin              |       |     4 |   134 |    53 ||   191
Dodge: Dodged            |    74 |   163 |   274 |    94 ||   605

Levels and vault maps discovered:
D:1:      tarquinn_simple_flora_water_f, layout_basic
D:2:      layout_loops_cross, basic_altar, chequers_serial_rivers_small_a,
          uniq_natasha, uniq_robin, uniq_sigmund
D:3:      minmay_angry_zag, layout_basic, nicolae_overflow_hidden_temple,
          nicolae_tso_besieged_by_evil, serial_shops, shop, ebering_ghost_gozag
D:4:      layout_loops_ring, grunt_temple_overflow_open, portal_sewer_entry_b,
          st_stairs_11, uniq_crazy_yiuf_cottage
D:5:      layout_basic, nicolae_overflow_crystal_walls, kiku_gazebo_pond_becter,
          mainiacjoe_overflow_cross_hatched
D:6:      layout_rooms, nicolae_ossuary_entry_ruins
D:7:      layout_rooms, minmay_temple_entry_mist
D:8:      cheibrodos_helix_gallery, layout_layer_cave
D:9:      layout_layer_cave, kennysheep_another_room
D:10:     layout_grid_maze, mainiacjoe_overflow_concentric_impassable,
          gammafunk_ghost_split, uniq_erolcha

Notes
Turn   | Place    | Note
-------+----------+-------------------------------------------
     0 | D:1      | kae the Demonspawn Transmuter began the quest for the Orb.
     0 | D:1      | Reached XP level 1. HP: 15/15 MP: 3/3
     0 | D:1      | magus.rc [v1.11.3]
   136 | D:1      | You feel monstrous as your demonic heritage exerts itself.
   136 | D:1      | Discovered your monstrous ancestry.
   136 | D:1      | Lost mutation: You have razor-sharp toenails. [demonic
                  | ancestry]
   136 | D:1      | Lost mutation: You have sharp toenails. [demonic ancestry]
   136 | D:1      | Gained mutation: You have large cloven feet. [demonic
                  | ancestry]
   136 | D:1      | Reached XP level 2. HP: 16/21 MP: 1/5
   149 | D:1      | Reached skill level 2 in Dodging
   149 | D:1      | Reached skill level 2 in Transmutations
   965 | D:2      | Gained mutation: You have sharp fingernails. [demonic
                  | ancestry]
   965 | D:2      | Reached XP level 3. HP: 22/26 MP: 4/6
   966 | D:2      | You pick up a book of Burglary and begin reading...
   966 | D:2      | You add the spells Passwall, Ensorcelled Hibernation and
                  | Swiftness to your library.
  1020 | D:2      | Noticed Sigmund
  1035 | D:2      | Noticed Robin
  1050 | D:1      | Learned a level 2 spell: Wereblood
  1054 | D:1      | Learned a level 3 spell: Spider Form
  1066 | D:2      | Reached skill level 3 in Unarmed Combat
  1072 | D:1      | Killed Robin
  1134 | D:2      | Identified the +7 sling "Beastbane" {drain, Str+3 Dex+7}
  1224 | D:2      | Killed Sigmund
  1225 | D:2      | Reached skill level 2 in Fighting
  1225 | D:2      | Reached skill level 1 in Poison Magic
  1225 | D:2      | Reached XP level 4. HP: 27/33 MP: 3/8
  1225 | D:2      | Gained mutation: You have hoof-like feet. [demonic
                  | ancestry]
  1225 | D:2      | Reached XP level 5. HP: 32/38 MP: 3/9
  1324 | D:2      | Noticed Natasha
  1328 | D:2      | Killed Natasha
  1329 | D:2      | Reached skill level 3 in Dodging
  1407 | D:2      | Found an iron altar of Okawaru.
  2180 | D:3      | Found a runed translucent gate.
  2180 | D:3      | Found a runed translucent gate.
  2180 | D:3      | Found a runed translucent gate.
  2181 | D:3      | Found an opulent altar of Gozag.
  2182 | D:3      | Noticed HoaS's ghost (amateur GrHu)
  2202 | D:3      | Reached XP level 6. HP: 44/46 MP: 10/10
  2202 | D:3      | Found Nuneyzoe's Assorted Antiques.
  2209 | D:3      | Bought a puce potion for 16 gold pieces
  2209 | D:3      | Bought a scroll labelled GIUHAD ALAY for 18 gold pieces
  2209 | D:3      | Bought a scroll labelled GIUHAD ALAY for 18 gold pieces
  2209 | D:3      | Bought a scroll labelled CACLUE QEYREHANI for 18 gold
                  | pieces
  2356 | D:3      | Identified the ring of Atefuaq {rElec rPois rN+}
  2425 | D:3      | Found an ornate altar of the Wu Jian Council.
  2514 | D:3      | Found a radiant altar of Vehumet.
  2515 | D:3      | Found an opulent altar of Gozag.
  2698 | D:3      | Reached skill level 3 in Spellcasting
  2747 | D:3      | Reached skill level 3 in Transmutations
  3339 | D:4      | Learned a level 4 spell: Ice Form
  3376 | D:4      | Found a runed translucent door.
  3377 | D:4      | Noticed Crazy Yiuf
  3516 | D:4      | Found a burning altar of Makhleb.
  3516 | D:4      | Found a sacrificial altar of Ru.
  3517 | D:4      | Found a bloodstained altar of Trog.
  3533 | D:4      | Found a shimmering altar of Xom.
  3533 | D:4      | Found a broken altar of Ashenzari.
  3538 | D:4      | Became a worshipper of Ru the Awakened
  3706 | D:4      | Reached skill level 3 in Fighting
  3711 | D:4      | Found a glowing drain.
  3749 | Sewer    | Entered a sewer
  3758 | Sewer    | Reached skill level 1 in Ice Magic
  3868 | Sewer    | Gained mutation: Spells you cast may paralyse adjacent
                  | enemies. [demonic ancestry]
  3868 | Sewer    | Reached XP level 7. HP: 46/52 MP: 9/11
  4109 | Sewer    | Reached skill level 4 in Unarmed Combat
  4291 | D:4      | Reached skill level 2 in Ice Magic
  4445 | D:4      | You add the spells Sting, Poisonous Vapours and Olgreb's
                  | Toxic Radiance to your library.
  4811 | D:4      | Gained mutation: You occasionally lose the ability to read
                  | scrolls when taking damage. [Ru sacrifice]
  4811 | D:4      | Gained mutation: You sometimes lose the ability to read
                  | scrolls when taking damage. [Ru sacrifice]
  4811 | D:4      | Reached * piety under Ru
  4900 | D:4      | Killed Crazy Yiuf
  4973 | D:5      | Entered Level 5 of the Dungeon
  5373 | D:5      | Found a stormy altar of Qazlal.
  5425 | D:5      | Found an ancient bone altar of Kikubaaqudgha.
  5452 | D:5      | Gained mutation: You have a pair of small antennae on your
                  | head. [demonic ancestry]
  5452 | D:5      | Reached XP level 8. HP: 60/60 MP: 9/13
  5499 | D:5      | Reached skill level 4 in Dodging
  5661 | D:5      | Found a sparkling altar of Nemelex Xobeh.
  6020 | D:6      | Reached skill level 3 in Ice Magic
  6043 | D:6      | Found a sand-covered staircase.
  6058 | D:6      | HP: 12/60 [white imp/puff of frost (6)]
  6061 | Ossuary  | Entered an ossuary
  6261 | Ossuary  | Reached skill level 4 in Transmutations
  6273 | Ossuary  | Reached skill level 4 in Spellcasting
  6374 | Ossuary  | Reached skill level 4 in Fighting
  6832 | D:6      | Reached skill level 4 in Ice Magic
  7020 | D:6      | Reached skill level 5 in Unarmed Combat
  7020 | D:6      | Gained mutation: You have hooves in place of feet. [demonic
                  | ancestry]
  7020 | D:6      | Reached XP level 9. HP: 66/66 MP: 10/15
  7729 | D:7      | Found a staircase to the Ecumenical Temple.
  7778 | D:7      | Reached skill level 5 in Dodging
  7778 | D:7      | Reached skill level 5 in Ice Magic
  7853 | D:7      | You add the spells Kindle Blastsparks, Ignite Poison and
                  | Freezing Cloud to your library.
  7891 | D:7      | HP: 24/100 [killer bee (3)]
  7896 | D:7      | Reached skill level 5 in Fighting
  7896 | D:7      | HP: 20/102 [poisoned by a killer bee]
  7900 | D:7      | Reached skill level 5 in Spellcasting
  7904 | D:7      | HP: 11/102 [killer bee (4)]
  7908 | D:7      | HP: 5/102 [killer bee (4)]
  7936 | D:7      | Reached skill level 5 in Transmutations
  8025 | D:7      | Identified the +6 rapier of Beisohea {freeze, rElec rN+}
  8759 | D:8      | Reached skill level 6 in Ice Magic
  8759 | D:8      | Reached XP level 10. HP: 27/74 MP: 14/18
  8759 | D:8      | HP: 19/88 [yak (8)]
  9426 | D:8      | Reached skill level 6 in Unarmed Combat
 10188 | D:9      | Noticed a two-headed ogre
 10194 | D:9      | Killed a two-headed ogre
 10195 | D:9      | Reached skill level 6 in Fighting
 10195 | D:9      | Reached skill level 6 in Dodging
 10217 | D:9      | Reached skill level 6 in Spellcasting
 10402 | D:9      | Reached skill level 6 in Transmutations
 10402 | D:9      | Reached skill level 7 in Ice Magic
 10874 | D:10     | Entered Level 10 of the Dungeon
 10878 | D:10     | You pick up a book of Death and begin reading...
 10878 | D:10     | You add the spells Animate Dead, Haunt and Infestation to
                  | your library.
 10929 | D:10     | HP: 17/91 [orc warrior/+3 halberd (10)]
 10935 | D:10     | HP: 20/114 [killer bee (7)]
 10938 | D:10     | HP: 4/114 [orc warrior/+3 halberd (10)]
 10939 | D:10     | Slain by a killer bee

Vanquished Creatures
  A two-headed ogre (D:9)
  An efreet (D:8)
  A troll (D:9)
  Sigmund (D:2)
  5 yaks (D:8)
  A steam dragon (D:8)
  A water moccasin (D:6)
  A black bear (D:8)
  2 sky beasts (D:8)
  2 ice beasts (D:6)
  2 orc warriors (D:9)
  5 ogres
  3 kobold brigands
  8 bullfrogs
  A necrophage (D:5)
  A scorpion (D:6)
  10 wights
  3 water moccasin zombies (Ossuary)
  7 killer bees
  7 howler monkeys
  A crimson imp (D:3)
  5 orc priests
  2 hounds
  2 jellies
  Crazy Yiuf (D:4)
  8 orc wizards
  Natasha (D:2)
  5 iguanas
  2 mummies (Ossuary)
  Robin (D:1)
  7 gnolls (D:4)
  16 adders
  A river rat (D:4)
  A shadow imp (D:6)
  2 white imps
  An ufetubus (D:5)
  4 adder zombies (Ossuary)
  A worm (D:4)
  2 dart slugs
  27 orcs
  4 bats
  20 endoplasms
  11 giant cockroaches
  5 gnoll zombies (Ossuary)
  8 goblins
  7 hobgoblins
  9 jackals
  11 quokkas
  9 ball pythons
  12 frilled lizards
  6 hobgoblin zombies
  20 kobolds
  2 kobold skeletons (D:3)
  9 kobold zombies
  6 orc zombies
  7 rats
299 creatures vanquished.

Vanquished Creatures (others)
  An orc (D:6)
1 creature vanquished.

Grand Total: 300 creatures vanquished

Table legend:
 A = Non-vault XP
 B = Vault XP
 C = Vault XP percentage of total XP
 D = Non-vault monster count
 E = Vault monster count
 F = Vault count percentage of total count
                 A         B        C        D         E       F
            +---------+---------+-------+---------+---------+-------
      Total |    8023 |    1202 |  13.0 |     189 |     110 |  36.8
            +---------+---------+-------+---------+---------+-------
        D:1 |      24 |      18 |  42.9 |      14 |       2 |  12.5
        D:2 |      49 |     258 |  84.0 |      17 |       8 |  32.0
        D:3 |     109 |      82 |  42.9 |      17 |      17 |  50.0
        D:4 |     312 |      61 |  16.4 |      28 |       9 |  24.3
        D:5 |     404 |       0 |   0.0 |      17 |       0 |   0.0
        D:6 |     915 |       0 |   0.0 |      15 |       0 |   0.0
        D:7 |    1709 |       0 |   0.0 |      29 |       0 |   0.0
        D:8 |    2388 |     174 |   6.8 |      28 |       2 |   6.7
        D:9 |    1923 |       0 |   0.0 |      20 |       0 |   0.0
       D:10 |     190 |       0 |   0.0 |       4 |       0 |   0.0
      Sewer |       0 |     291 | 100.0 |       0 |      41 | 100.0
    Ossuary |       0 |     318 | 100.0 |       0 |      31 | 100.0
            +---------+---------+-------+---------+---------+-------

Illustrated notes

Table legend:
 A = Kills in this place as a percentage of kills in entire the game.
 B = Kills by you in this place as a percentage of kills by you in the entire game.
 C = Kills by friends in this place as a percentage of kills by friends in the entire game.
 D = Other kills in this place as a percentage of other kills in the entire game.
 E = Experience gained in this place as a percentage of experience gained in the entire game.
 F = Experience gained in this place divided by the number of levels of this place that you have seen.
                   A       B       C       D       E      F
               +-------+-------+-------+-------+-------+----------------------
         Total | 100.0 | 100.0 |   N/A |   N/A | 100.0 | 768.8
       Dungeon |  75.9 |  75.9 |   N/A |   N/A |  93.4 | 861.6
         Sewer |  13.7 |  13.7 |   N/A |   N/A |   3.2 | 291.0
       Ossuary |  10.4 |  10.4 |   N/A |   N/A |   3.4 | 318.0
               +-------+-------+-------+-------+-------+----------------------

Table legend: (Time is in decaauts)
 A = Elapsed time spent in this place.
 B = Non-inter-level travel time spent in this place.
 C = Inter-level travel time spent in this place.
 D = Time resting spent in this place.
 E = Time spent auto-exploring this place.
 F = Levels seen in this place.
 G = Mean time per level.
                   A        B        C        D        E       F      G
               +--------+--------+--------+--------+--------+-----+--------+
         Total |  10926 |  10619 |    307 |    420 |   7950 |  12 |  910.5 |
       Dungeon |  10071 |   9764 |    307 |    380 |   7565 |  10 | 1007.1 |
         Sewer |    454 |    454 |      0 |      0 |    141 |   1 |  454.0 |
       Ossuary |    401 |    401 |      0 |     40 |    244 |   1 |  401.0 |
               +--------+--------+--------+--------+--------+-----+--------+

Top non-repeatable levels by time:
     D:8: 1495 daAuts
     D:5: 1310 daAuts
     D:4: 1242 daAuts
     D:3: 1214 daAuts
     D:2: 1090 daAuts
     D:7: 1049 daAuts
     D:1: 998 daAuts
     D:9: 913 daAuts
     D:6: 694 daAuts
   Sewer: 454 daAuts
 Ossuary: 401 daAuts
    D:10: 63 daAuts
